AoeStats
← Robin

Arabian Desert

510182209Analyzed
1v1 RM · 14h ago on Sep 29, 2026· 26m 17s· 2 players
Game mode
Random Map
Map size
Tiny (2 player)
Population
200
Speed
Normal
Resources
Standard
Victory
Conquest
Starting age
Dark Age
Ending age
Imperial Age
RankedLock teamsTeams togetherTeam positionsShared explorationLock speedFull tech treeHidden civsTurbo modeCheats
Victory
Defeat
🇬🇧 Bulgarians · United Kingdom
1030
+15
🇪🇸 Burgundians · Spain
1003
-42
Peregs2005
0:52 Loom
10:21 Wheelbarrow
20:32 Feudal Age
20:32 Gold Mining
20:56 Horse Collar
21:05 Man-at-Arms
Robin
9:43 Loom
12:56 Feudal Age
13:36 Double-Bit Axe
21:27 Castle Age
20:03 Scale Mail Armor
20:14 Forging
22:31 Wheelbarrow
25:04 Chain Mail Armor
25:54 Fletching
Connection lost

Rejoining the realm…

Still unreachable

The connection could not be restored.

Session expired

The server has moved on; the page needs a fresh start.